 Dungeon Crawl Stone Soup version 0.32-a0-576-g706899e69d (webtiles) character file.

Game seed: 17252687126116694235

88 demibob the Shield-Bearer (level 4, -1/38 HPs)
             Began as a Mountain Dwarf Fighter on Mar 2, 2024.
             Slain by an orc
             ... wielding a +0 trident
              (5 damage)
             ... on level 3 of the Dungeon.
             The game lasted 00:01:58 (2239 turns).

demibob the Shield-Bearer (Mountain Dwarf Fighter)  Turns: 2239, Time: 00:01:59

Health: -1/38      AC:  6    Str: 25    XL:     4   Next: 30%
Magic:  4/4        EV: 10    Int:  8    God:
Gold:   127        SH:  0    Dex: 11    Spells: 3/3 levels left

rFire   . . .        a - +0 war axe
rCold   . . .        (no shield)
rNeg    . . .        b - +0 scale mail
rPois   .            (no helmet)
rElec   .            (no cloak)
rCorr   +            (no gloves)
SInv    .            (no boots)
Will    .....        (no amulet) Stlth
                     S - +6 ring of strength
HPRegen 0.26/turn    R - ring of resist corrosion
MPRegen 0.09/turn

%: no passive effects
@: mighty
A: runic magic, artefact enchanting
a: Convert to Beogh


You were on level 3 of the Dungeon.
You visited 1 branch of the dungeon, and saw 3 of its levels.

You collected 127 gold pieces.


Innate Abilities, Weirdness & Mutations

Your spellcasting is much less encumbered by armour.
You can use scrolls of enchantment on lesser artefacts.


   Skills:
 - Level 3.2 Fighting
 + Level 4.3 Axes
 - Level 3.2 Armour
 + Level 4.6 Shields


You had 3 spell levels left.
You didn't know any spells.
Your spell library contained the following spells:

 Spells                   Type           Power      Damage    Failure   Level
 Blink                    Tloc           0%         N/A       63%         2
 Lesser Beckoning         Tloc           0%         N/A       63%         2
 Momentum Strike          Conj/Tloc      0%         3d8       63%         2
 Inner Flame              Hex/Fire       0%         N/A       85%         3
 Irradiate                Conj/Alch      0%         3d11      100%        5
 Ignition                 Fire           0%         3d3       100%        8

Inventory:

Hand Weapons
 a - a +0 war axe (weapon)
Armour
 b - a +0 scale mail (worn)
Jewellery
 M - a ring of magical power
 R - a ring of resist corrosion (right hand)
 S - a +6 ring of strength (left hand)
Scrolls
 f - a scroll of vulnerability {unknown}
 g - a scroll of identify {unknown}
 h - a scroll of torment {unknown}
 i - a scroll of immolation {unknown}
 j - a scroll of enchant weapon {unknown}
Potions
 c - 2 potions of curing {unknown}
 d - a potion of might
 e - 2 potions of mutation {unknown}

Dungeon Overview and Level Annotations

Branches:
Dungeon (3/15)

Altars:

##### ...# #####
#.######## #....
###........####
#....###.............#
#..o...)....†........#
#....@...............#
#...o.................
#...................†.
#...................).
.......................
..##g.......<.........>.
. #......##.####...##..
...#....... .........
..##......


You could see an orc priest, an orc and a goblin.


Message History

The orc shouts!
The orc priest shouts!
The orc closely misses you.
The orc priest mumbles some strange prayers to Beogh against you.
Beogh smites you!
The orc priest shouts, "Beogh offers mercy even to people such as you.
Join us and be reborn!" (press Y on the ability menu to convert to Beogh)
You slash the orc!
You kill the orc!
A goblin comes into view.
It is wielding a +1 dagger of electrocution.
The goblin unwields a +1 dagger of electrocution.
It stops crackling.
The goblin wields a +0 sling.
The goblin shoots a sling bullet.
The sling bullet hits you.
Things that are here:
a +0 flail; a +0 scale mail The orc priest invokes the aid of Beogh against you.
Beogh smites you!
* * * LOW HITPOINT WARNING * * *
The orc closely misses you.
The goblin shoots a sling bullet.
The sling bullet hits you but does no damage.
You feel very mighty all of a sudden.
The orc priest looks braver for a moment.
The orc hits you from afar with a +0 trident.
* * * LOW HITPOINT WARNING * * *
The goblin shoots a sling bullet.
The sling bullet hits you but does no damage.
The orc priest calls down the wrath of Beogh upon you.
Pain shoots through your body!
* * * LOW HITPOINT WARNING * * *
The orc hits you with a +0 trident.
You die...

Skill      XL: |  1  2  3 |
---------------+----------+-----
Axes           | 3 4 |  4.3
Shields        | 4 |  4.6
Fighting       | |  3.2
Armour         | |  3.2

Action                     |  1- 3 |  4- 6 || total
---------------------------+-------+-------++-------
  Melee: War axe           |   132 |    14 ||   146
    Use: Potion            |       |     1 ||     1
 Armour: Scale mail        |   104 |    18 ||   122
  Dodge: Dodged            |    88 |    11 ||    99

Levels and vault maps discovered:
D:1:      ncdulo_halloftheorcs, layout_basic,
          hellmonk_ecumenical_altar_arch_garden, hangedman_decor_slide_cut
D:2:      layout_loops_corners, st_stairs_6
D:3:      minmay_evil_eye, layout_basic, minmay_stone_trees_small

Notes
Turn   | Place    | Note
-------+----------+-------------------------------------------
     0 | D:1      | demibob the Mountain Dwarf Fighter began the quest for the
                  | Orb.
     0 | D:1      | Reached XP level 1. HP: 19/19 MP: 1/1
    36 | D:1      | Found a faded altar of an unknown god.
   288 | D:1      | Reached XP level 2. HP: 26/26 MP: 2/2
   300 | D:1      | Reached skill level 3 in Axes
  1115 | D:2      | Reached skill level 4 in Shields
  1115 | D:2      | Reached XP level 3. HP: 30/31 MP: 3/3
  1589 | D:2      | Reached skill level 4 in Axes
  2121 | D:3      | Reached XP level 4. HP: 38/38 MP: 4/4
  2239 | D:3      | Slain by an orc

Vanquished Creatures
  5 adders
  A ribbon worm (D:2)
  A dart slug (D:1)
  An orc (D:3)
  2 endoplasms
  3 giant cockroaches
  A hobgoblin (D:3)
  4 kobolds (D:2)
  5 quokkas
  5 ball pythons
  9 bats
  A frilled lizard (D:1)
  4 rats
42 creatures vanquished.

Table legend: (Time is in decaauts)
 A = Elapsed time spent in this place.
 B = Non-inter-level travel time spent in this place.
 C = Inter-level travel time spent in this place.
 D = Time resting spent in this place.
 E = Time spent auto-exploring this place.
 F = Levels seen in this place.
 G = Mean time per level.
                   A        B        C        D        E       F      G
               +--------+--------+--------+--------+--------+-----+--------+
         Total |   2286 |   2112 |    174 |      0 |   1757 |   3 |  762.0 |
       Dungeon |   2286 |   2112 |    174 |      0 |   1757 |   3 |  762.0 |
               +--------+--------+--------+--------+--------+-----+--------+

Top non-repeatable levels by time:
     D:1: 1144 daAuts
     D:2: 977 daAuts
     D:3: 164 daAuts

Table legend:
 A = Non-vault XP
 B = Vault XP
 C = Vault XP percentage of total XP
 D = Non-vault monster count
 E = Vault monster count
 F = Vault count percentage of total count
                 A         B        C        D         E       F
            +---------+---------+-------+---------+---------+-------
      Total |     113 |      14 |  11.0 |      40 |       2 |   4.8
            +---------+---------+-------+---------+---------+-------
        D:1 |      28 |       0 |   0.0 |      18 |       0 |   0.0
        D:2 |      48 |      14 |  22.6 |      14 |       2 |  12.5
        D:3 |      37 |       0 |   0.0 |       8 |       0 |   0.0
            +---------+---------+-------+---------+---------+-------
